 Dungeon Crawl Stone Soup version 0.27-a0-78-g75406f0b48 (webtiles) character file.

Game seed: 17212405264916146864

9 knot the Chopper (level 2, 14/24 HPs)
             Began as a Demonspawn Berserker on Jan 14, 2021.
             Was a Follower of Trog.
             Quit the game on level 1 of the Dungeon.
             The game lasted 00:00:32 (728 turns).

knot the Chopper (Demonspawn Berserker)              Turns: 728, Time: 00:00:33

Health: 14/24      AC:  2    Str: 17    XL:     2   Next: 3%
Magic:  11/11      EV: 12    Int:  8    God:    Trog [*.....]
Gold:   0          SH:  0    Dex: 12    Spells: 1/1 levels left

rFire    . . .     SeeInvis .   a - +0 hand axe
rCold    . . .     Faith    .   (no shield)
rNeg     . . .     Spirit   .   b - +0 animal skin
rPois    .         Reflect  .   (no helmet)
rElec    .         Harm     .   (no cloak)
rCorr    .         Rampage  .   (no gloves)
Will     .....                  (no boots)
Stlth    ..........             (no amulet)
HPRegen  0.08/turn              e - ring of attention (curse)
MPRegen  0.12/turn              g - ring of magical power

@: no status effects
A: powered by pain 1
a: Renounce Religion, Berserk


You were on level 1 of the Dungeon.
You worshipped Trog.
Trog was aware of your devotion.
You visited 1 branch of the dungeon, and saw 1 of its levels.

Inventory:

Hand Weapons
 a - a +0 hand axe (weapon)
Missiles
 c - 28 stones
 d - 3 boomerangs
Armour
 b - a +0 animal skin (worn)
Jewellery
 e - a cursed ring of attention (left hand)
 g - a ring of magical power (right hand)
Scrolls
 f - a scroll of magic mapping {unknown}


   Skills:
 - Level 3.0 Fighting
 + Level 3.2 Axes
 - Level 1.7 Armour
 - Level 1.7 Dodging


You had one spell level left.
You didn't know any spells.
Your spell library was empty.

Dungeon Overview and Level Annotations

Branches:
Dungeon (1/15)

Altars:


Innate Abilities, Weirdness & Mutations

You sometimes gain a little power by taking damage.


Message History

You hit the goblin.
The goblin is severely wounded.
The goblin hits you. x2
You closely miss the goblin.
The goblin is severely wounded.
The goblin misses you.
You barely miss the goblin.
The goblin is severely wounded.
You closely miss the rat. The goblin hits you.
The rat bites you but does no damage.
You hit the goblin.
You kill the goblin!
Trog accepts your kill.
You hit the rat.
You kill the rat!
Trog accepts your kill.
You have reached level 2!
Your demonic ancestry asserts itself...
You feel energised by your suffering.
Are you sure you want to abandon this character and quit the game? (Confirm with "yes".)

#.##.#.# #.######
#....#.# #.......
#.##.#.#######....... #.
#..((.............
#.##.#$#######.......
####....................
>.................#.##..
.#.#.##....###.#....##..
# #. #@............##..
#..)†.#####.#....##..
..?........ ............
##.#.##[######.#..#..#..
# #. #.# #........ . ...
....#..... . #.#
..#..#.#... .. ... ....[
...... ...# .#.##..


There were no monsters in sight!

Vanquished Creatures
  2 goblins (D:1)
  3 kobolds (D:1)
  2 bats (D:1)
  3 rats (D:1)
10 creatures vanquished.

Notes
Turn   | Place    | Note
-------+----------+-------------------------------------------
     0 | D:1      | knot the Demonspawn Berserker began the quest for the Orb.
     0 | D:1      | Reached XP level 1. HP: 18/18 MP: 1/1
   728 | D:1      | Gained mutation: You sometimes gain a little power by
                  | taking damage. [demonic ancestry]
   728 | D:1      | Reached XP level 2. HP: 14/24 MP: 2/2
   728 | D:1      | Quit the game

Illustrated notes

Levels and vault maps discovered:
D:1:      zelgadis_glass_arrival_small, layout_basic

Skill      XL: |  1 |
---------------+----+-----
Axes           | 3 |  3.2
Fighting       | |  3.0
Armour         | |  1.7
Dodging        | |  1.7

Action                   || total
-------------------------++-------
Melee: Hand axe          ||    30
Invok: Berserk           ||     1
Armor: Animal skin       ||     7
Dodge: Dodged            ||    23

Table legend: (Time is in decaauts)
 A = Elapsed time spent in this place.
 B = Non-inter-level travel time spent in this place.
 C = Inter-level travel time spent in this place.
 D = Time resting spent in this place.
 E = Time spent auto-exploring this place.
 F = Levels seen in this place.
 G = Mean time per level.
                   A        B        C        D        E       F      G
               +--------+--------+--------+--------+--------+-----+--------+
         Total |    739 |    739 |      0 |    406 |    264 |   1 |  739.0 |
       Dungeon |    739 |    739 |      0 |    406 |    264 |   1 |  739.0 |
               +--------+--------+--------+--------+--------+-----+--------+

Top non-repeatable levels by time:
     D:1: 739 daAuts
